 Dungeon Crawl Stone Soup version 0.23.2-40-g277498a001 (webtiles) character file.

Game seed: 737678007303244865

15556 DildoBatman the Lord of Darkness (level 12, -5/86 HPs)
             Began as a Demonspawn Wizard on Aug 16, 2019.
             Was the Champion of Kikubaaqudgha.
             Hit by a large rock thrown by a stone giant (54 damage)
             ... in a volcano on Aug 17, 2019.
             The game lasted 01:27:18 (14345 turns).

DildoBatman the Lord of Darkness (DsWz)            Turns: 14345, Time: 01:27:19

Health: -5/86      AC:  9    Str: 13    XL:     12   Next: 2%
Magic:  1/20       EV: 21    Int: 24    God:    Kikubaaqudgha [******]
Gold:   748        SH:  6    Dex: 20    Spells: 5/22 levels left

rFire    . . .     SeeInvis +   a - +6 hand axe "Caimezuf" {elec, MR+ Str+4 Stlth+}
rCold    . . .     Gourm    +   G - +0 buckler
rNeg     + . .     Faith    .   J - +2 robe {rN+}
rPois    +         Spirit   .   h - +0 hat
rElec    +         Reflect  .   (no cloak)
rCorr    .         Harm     .   S - +0 pair of gloves
MR       +....                  g - +0 pair of boots
Stlth    +++++.....             f - amulet of the gourmand
HPRegen  0.24/turn              W - ring of Dithmenos's Reproof {+Fly rElec rPois Dex+4}
MPRegen  0.17/turn              U - ring of see invisible

@: agile, very slightly contaminated
A: yellow scales 2, nightstalker 1, powered by pain 2
a: Receive Corpses, Torment, Renounce Religion, Evoke Flight


You were in a volcano.
You worshipped Kikubaaqudgha.
Kikubaaqudgha was exalted by your worship.
You were full.

You visited 3 branches of the dungeon, and saw 13 of its levels.
You also visited: Sewer, Ossuary and Volcano.

You collected 748 gold pieces.

Inventory:

Hand Weapons
 a - the +6 hand axe "Caimezuf" (weapon) {elec, MR+ Str+4 Stlth+}
   (You took it off a wight on level 7 of the Dungeon)

   Occasionally, upon striking a foe, it will discharge some electrical energy
   and cause terrible harm.
   It affects your strength (+4).
   It affects your resistance to hostile enchantments.
   It makes you more stealthy.
 c - a +0 hunting sling
 e - a +1 morningstar of protection
 k - a +4 scimitar of flaming
Missiles
 l - 126 arrows
 r - 73 bolts
 y - 44 sling bullets
 R - 2 throwing nets (quivered)
Armour
 g - a +0 pair of boots (worn)
 h - a +0 hat (worn)
 G - a +0 buckler (worn)
 J - a +2 robe of positive energy (worn)
 S - a +0 pair of gloves (worn)
Magical Staves
 b - an uncursed staff of poison
Jewellery
 f - an amulet of the gourmand (around neck)
 Q - an uncursed ring of protection from cold
 U - a ring of see invisible (right hand)
 W - the ring of Dithmenos's Reproof (left hand) {+Fly rElec rPois Dex+4}
   (You found it on level 10 of the Dungeon)

   [ring of poison resistance]

   It affects your dexterity (+4).
   It insulates you from electricity.
   It protects you from poison.
   It lets you fly.
Wands
 M - a wand of digging (4)
Scrolls
 d - 5 scrolls of teleportation
 j - 4 scrolls of fear
 m - 2 scrolls of enchant weapon {unknown}
 p - a scroll of fog {unknown}
 x - 2 scrolls of remove curse
 z - 2 scrolls of identify
 A - 5 scrolls of enchant armour
 C - 3 scrolls of magic mapping
 H - 2 scrolls of noise {unknown}
 I - 2 scrolls of random uselessness {unknown}
 K - 3 scrolls of amnesia {unknown}
 P - 2 scrolls of summoning {unknown}
Potions
 i - 6 potions of curing
 n - 2 potions of ambrosia {unknown}
 o - 2 potions of magic
 t - 3 potions of heal wounds
 u - a potion of flight
 w - 3 potions of brilliance {unknown}
 L - 2 potions of mutation {unknown}
 N - a potion of cancellation {unknown}
 O - a potion of invisibility {unknown}
 T - a potion of lignification {unknown}
Comestibles
 v - 20 rations


   Skills:
 * Level 5.4 Fighting
 * Level 4.5 Axes
 - Level 0.4 Slings
 * Level 5.3 Armour
 * Level 5.4 Dodging
 - Level 2.4 Stealth
 * Level 4.4 Shields
 - Level 5.7 Spellcasting
 - Level 6.0 Conjurations
   Level 1.0 Summonings
 - Level 10.1 Necromancy
   Level 0.8 Translocations
 - Level 4.0 Fire Magic
 - Level 4.0 Air Magic
 - Level 5.1 Poison Magic
 - Level 3.2 Evocations


You had 5 spell levels left.
You knew the following spells:

 Your Spells              Type           Power        Failure   Level  Hunger
a - Conjure Flame         Conj/Fire      ####....     3%          3    #......
c - Magic Dart            Conj           ####         1%          1    None
d - Vampiric Draining     Necr           ######....   1%          3    #......
e - Mephitic Cloud        Conj/Pois/Air  ####....     3%          3    #......
h - Dispel Undead         Necr           ######..     3%          5    #####..
z - Sublimation of Blood  Necr           ######....   1%          2    None

Your spell library contained the following spells:

 Spells                   Type           Power        Failure   Level  Hunger
 Animate Skeleton         Necr           N/A          1%          1    None
 Pain                     Necr           ####         1%          1    None
 Sting                    Conj/Pois      ####         1%          1    None
 Poisonous Vapours        Pois/Air       ####..       1%          2    None
 Animate Dead             Necr           N/A          1%          4    ###....
 Throw Frost              Conj/Ice       ###...       3%          2    None
 Beastly Appendage        Tmut           #.....       9%          1    None
 Confusing Touch          Hex            #.....       9%          1    None
 Freeze                   Ice            #...         9%          1    None
 Blink                    Tloc           N/A          9%          2    None
 Call Imp                 Summ           ##......     9%          2    None
 Spider Form              Tmut/Pois      ###.......   9%          3    #......
 Bolt of Draining         Conj/Necr      #####.....   9%          5    #####..
 Olgreb's Toxic Radiance  Pois           ####....     10%         4    ###....
 Slow                     Hex            #.......     12%         2    None
 Sticks to Snakes         Tmut           #.......     12%         2    None
 Gell's Gravitas          Tloc           ##........   17%         3    #......
 Venom Bolt               Conj/Pois      ####......   22%         5    #####..
 Confuse                  Hex            #.......     24%         3    #......
 Ozocubu's Armour         Chrm/Ice       #.......     24%         3    #......
 Throw Icicle             Conj/Ice       ###.....     24%         4    ###....
 Borgnjor's Vile Clutch   Necr/Erth      ####......   28%         5    #####..
 Excruciating Wounds      Chrm/Necr      ####......   28%         5    #####..
 Summon Ice Beast         Ice/Summ       #.......     54%         4    ###....
 Irradiate                Conj/Tmut      ###.......   54%         5    #####..
 Ice Form                 Ice/Tmut       #.......     63%         4    ###....
 Petrify                  Tmut/Erth      #.......     63%         4    ###....
 Blade Hands              Tmut           #.........   92%         5    #####..
 Metabolic Englaciation   Hex/Ice        #.........   92%         5    #####..
 Yara's Violent Unravell  Hex/Tmut       #.........   92%         5    #####..
 Hydra Form               Tmut           #.........   100%        6    ######.
 Statue Form              Tmut/Erth      #........    100%        6    ######.
 Dragon Form              Tmut           #.........   100%        7    #######
 Haunt                    Necr/Summ      ####......   100%        7    #######
 Borgnjor's Revivificati  Necr           ######....   100%        8    #######
 Death's Door             Chrm/Necr      ####......   100%        8    #######
 Infestation              Necr           ######....   100%        8    #######
 Necromutation            Tmut/Necr      ####......   100%        8    #######


Dungeon Overview and Level Annotations

Branches:
Dungeon (11/15)            Temple (1/1) D:5            Lair (0/6) D:10
    Orc (1/2) D:10

Altars:
Ashenzari
Cheibriados
Dithmenos
Elyvilon
Fedhas
Gozag
Hepliaklqana
Kikubaaqudgha
Makhleb
Nemelex Xobeh
Okawaru
Qazlal
Ru
Sif Muna
Trog
Uskayaw
Vehumet
Wu Jian
Xom
Yredelemnul
Zin
The Shining One

Shops:
D:7 :

Annotations:
D:3 Dowan, Duvessa
D:7 exclusion: statue


Innate Abilities, Weirdness & Mutations

You are mostly covered in yellow scales. (AC +3)
You are slightly more attuned to the shadows.
You sometimes gain power by taking damage.


Message History

t - Shout!
Orders for allies: a - Attack new target. r - Retreat! s - Stop attacking. g - Guard the area. f - Follow me.
Anything else - Cancel.
You shout for attention!
Okay, then.
Casting: Conjure Flame (safe; 3% risk of failure)
Confirm with . or Enter, or press ? or * to list all spells.
Aiming: Mephitic Cloud (safe; 3% risk of failure)
Press: ? - help, Shift-Dir - straight line, f - stone giant
Aim: a stone giant The ball explodes into a vile cloud!
The stinking cloud engulfs the stone giant but does no damage.
The stone giant is engulfed in noxious fumes.
The stone giant throws a large rock.
The large rock hits you!!!
Ouch! That really hurt!
You die...
Kikubaaqudgha rasps: "You have failed me!
Welcome... death!"

≈≈≈≈§.......≈§≈§§≈≈§≈≈§≈≈........
≈≈≈≈≈§≈≈.§§§§≈§§§≈§≈§§§≈§≈§......
≈≈≈≈≈≈≈≈≈≈≈≈§≈≈§≈§§≈≈≈≈≈≈§≈≈≈§...
≈§≈≈§≈≈≈≈≈≈≈§§≈≈§≈§§≈≈≈≈≈≈≈≈≈§≈≈≈
§§≈≈§≈≈≈≈≈≈§≈§§≈§≈≈≈≈.≈≈§§≈≈≈≈≈§§
§≈§≈≈≈.≈§≈§.§≈≈≈§≈.≈≈.§≈≈≈≈§§§§≈§
≈≈≈...§.......§§.....§.≈§§≈≈§§≈§§
§≈≈§.########+########.≈§§≈≈≈§§≈≈
≈≈≈..#....).#.#.@°...#..§≈≈§≈§≈≈≈
≈≈...#..%)#.#.#.#§§..#..§≈≈≈≈
..§..#.$!$#.#.#.#C?$.#.≈≈≈≈≈§
≈≈≈≈.#.$[$#.#.#.#☼☼$.#..≈§≈≈≈
§§§§§######.#.#.######.≈§≈≈≈≈
≈§≈≈§#......#.#......#°☼≈≈≈≈≈
≈≈≈.§###''###'###''###.≈§§≈≈≈
≈≈≈..#....#.....#....#.§≈≈§§§
§§≈§§#.∩..#.8_8.#..∩.#.≈≈≈§§§


You could see a stone giant.

Vanquished Creatures
  Erolcha (D:9)
  2 two-headed ogres
  4 lindwurms (D:10)
  An unseen horror (D:11)
  An ugly thing (D:11)
  An elephant (D:10)
  3 centaur zombies
  2 molten gargoyles (Volcano)
  A gargoyle (Volcano)
  An efreet (Volcano)
  Grinder (D:4)
  A hippogriff (D:10)
  A vampire (D:11)
  A wyvern (D:11)
  8 yaks
  A spriggan (D:7)
  A fire elemental (Volcano)
  A human (D:10)
  2 fire bats (Volcano)
  2 wargs (D:10)
  Menkaure (D:4)
  2 hungry ghosts (D:11)
  A sky beast (D:5)
  5 orc warriors
  2 ice beasts
  A hornet zombie (D:8)
  3 black bears
  6 ogres
  2 phantoms
  4 centaurs
  2 crocodiles (D:10)
  2 big kobolds (Sewer)
  2 bullfrogs
  An earth elemental (Volcano)
  A gnoll sergeant (D:10)
  A wyvern skeleton (D:11)
  3 scorpions
  6 killer bees
  9 wights
  2 howler monkeys
  7 lava snakes (Volcano)
  6 crimson imps
  A bullfrog zombie (D:8)
  A bullfrog skeleton (D:9)
  10 orc priests
  8 hounds
  6 jellies
  25 orc wizards
  Terence (D:3)
  5 iguanas
  4 worker ants
  3 big kobold zombies (Ossuary)
  A hound skeleton (D:8)
  4 mummies (Ossuary)
  A worker ant zombie (D:11)
  6 gnolls
  16 adders
  3 shadow imps
  An ooze (Sewer)
  2 adder skeletons
  2 worms
  2 dart slugs
  4 leopard geckos
  41 orcs
  10 giant cockroaches
  A gnoll zombie (Ossuary)
  8 goblins
  6 hobgoblins
  11 jackals
  10 quokkas
  5 ball pythons
  8 bats
  2 goblin zombies (Ossuary)
  A hobgoblin zombie (Ossuary)
  A jackal skeleton (D:6)
  15 kobolds
  2 kobold zombies (Ossuary)
  A leopard gecko skeleton (D:7)
  An orc zombie (Ossuary)
  A quokka skeleton (D:4)
  15 rats
  2 rat zombies (Ossuary)
352 creatures vanquished.

Vanquished Creatures (others)
  A gargoyle (Volcano)
  2 lava snakes (Volcano)
  A fungus (D:10)
  3 plants (D:10)
  4 toadstools (D:1)
11 creatures vanquished.

Grand Total: 363 creatures vanquished

Notes
Turn   | Place    | Note
-------+----------+-------------------------------------------
     0 | D:1      | DildoBatman the Demonspawn Wizard began the quest for the
                  | Orb.
     0 | D:1      | Reached XP level 1. HP: 13/13 MP: 4/4
   423 | D:1      | Gained mutation: You sometimes gain a little power by
                  | taking damage. [demonic ancestry]
   423 | D:1      | Reached XP level 2. HP: 17/19 MP: 3/6
  1235 | D:2      | Reached XP level 3. HP: 22/24 MP: 0/7
  1240 | D:2      | Learned a level 3 spell: Conjure Flame
  1244 | D:2      | Learned a level 3 spell: Mephitic Cloud
  1422 | D:2      | Found an ancient bone altar of Kikubaaqudgha.
  1448 | D:2      | Became a worshipper of Kikubaaqudgha
  1702 | D:2      | Found an opulent altar of Gozag.
  1733 | D:2      | Found a shimmering altar of Xom.
  2141 | D:3      | Found a glowing drain.
  2187 | D:3      | Reached XP level 4. HP: 26/30 MP: 4/8
  2189 | D:3      | Reached * piety under Kikubaaqudgha
  2189 | D:3      | Identified Kikubaaqudgha's Tome of Darkness (Kikubaaqudgha
                  | gifted it to you on level 3 of the Dungeon)
  2189 | D:3      | Received a gift from Kikubaaqudgha
  2342 | Sewer    | Entered a sewer
  2388 | Sewer    | Noticed a big kobold
  2579 | Sewer    | Killed a big kobold
  2579 | Sewer    | Reached skill level 5 in Conjurations
  2579 | Sewer    | Reached XP level 5. HP: 18/35 MP: 0/9
  2971 | Sewer    | Learned a level 2 spell: Sublimation of Blood
  3118 | D:3      | Gained mutation: You are slightly more attuned to the
                  | shadows. [demonic ancestry]
  3118 | D:3      | Reached XP level 6. HP: 36/41 MP: 7/10
  3337 | D:3      | Reached ** piety under Kikubaaqudgha
  3442 | D:3      | Noticed Terence
  3460 | D:3      | Killed Terence
  3644 | D:4      | Reached skill level 1 in Fire Magic
  3644 | D:4      | Reached skill level 1 in Air Magic
  3644 | D:4      | Reached skill level 1 in Poison Magic
  3655 | D:4      | Noticed Menkaure
  3673 | D:4      | Killed Menkaure
  3726 | D:4      | Reached XP level 7. HP: 37/46 MP: 6/11
  3744 | D:4      | Noticed Duvessa
  3880 | D:4      | Noticed Dowan
  3942 | D:4      | Noticed Grinder
  4233 | D:4      | Paralysed by Grinder for 7 turns
  4247 | D:4      | Killed Grinder
  4574 | D:4      | Found a shadowy altar of Dithmenos.
  4824 | D:5      | Entered Level 5 of the Dungeon
  4824 | D:5      | Found a staircase to the Ecumenical Temple.
  4842 | Temple   | Entered the Ecumenical Temple
  5154 | Temple   | Gained mutation: You are partially covered in yellow
                  | scales. (AC +2) [demonic ancestry]
  5154 | Temple   | Reached XP level 8. HP: 22/52 MP: 3/12
  5554 | D:4      | Found a sparkling altar of Nemelex Xobeh.
  5641 | D:5      | Found an opulent altar of Gozag.
  5657 | D:5      | Learned a level 3 spell: Vampiric Draining
  5860 | D:5      | Got a fine rapier
  5952 | D:5      | Identified the cursed +0 rapier "Killer Bee's Curse"
                  | {flame, Str+4 Stlth+} (You found it on level 5 of the
                  | Dungeon)
  6002 | D:6      | Reached skill level 1 in Necromancy
  6101 | D:6      | Reached skill level 2 in Necromancy
  6101 | D:6      | Reached skill level 5 in Poison Magic
  6118 | D:6      | Reached *** piety under Kikubaaqudgha
  6118 | D:6      | Identified Kikubaaqudgha's Catalogue of Black Secrets
                  | (Kikubaaqudgha gifted it to you on level 6 of the Dungeon)
  6118 | D:6      | Received a gift from Kikubaaqudgha
  6188 | D:6      | Reached skill level 3 in Necromancy
  6244 | D:6      | Reached skill level 4 in Necromancy
  6382 | D:6      | Reached skill level 5 in Necromancy
  6483 | D:6      | Found an iron altar of Okawaru.
  6518 | D:6      | Gained mutation: You sometimes gain power by taking damage.
                  | [demonic ancestry]
  6518 | D:6      | Reached XP level 9. HP: 57/57 MP: 4/13
  6620 | D:6      | Reached skill level 6 in Necromancy
  7235 | D:7      | Found Mum Wieg's Book Shoppe.
  7370 | D:7      | Identified the +6 hand axe "Caimezuf" {elec, MR+ Str+4
                  | Stlth+}
  7540 | D:7      | Reached skill level 7 in Necromancy
  7670 | D:7      | Reached skill level 1 in Axes
  7881 | D:7      | Found a glowing silver altar of Zin.
  7923 | D:7      | Found a radiant altar of Vehumet.
  8079 | D:8      | Reached **** piety under Kikubaaqudgha
  8120 | D:8      | Noticed a two-headed ogre
  8145 | D:8      | Reached skill level 8 in Necromancy
  8184 | D:8      | Killed a two-headed ogre
  8262 | D:8      | Reached skill level 9 in Necromancy
  8344 | D:8      | Found a sand-covered staircase.
  8349 | Ossuary  | Entered an ossuary
  8918 | D:8      | Reached skill level 1 in Shields
  8945 | D:8      | Reached XP level 10. HP: 63/63 MP: 3/14
  9575 | D:9      | Noticed Erolcha
  9592 | D:9      | Killed Erolcha
  9592 | D:9      | Reached skill level 10 in Necromancy
  9652 | D:9      | Reached ***** piety under Kikubaaqudgha
  9822 | D:9      | Found a sparkling altar of Nemelex Xobeh.
 10342 | D:10     | Entered Level 10 of the Dungeon
 10510 | D:10     | Reached skill level 5 in Spellcasting
 10628 | D:10     | Reached skill level 1 in Fighting
 10628 | D:10     | Reached skill level 1 in Armour
 10677 | D:10     | Found a staircase to the Orcish Mines.
 10991 | D:10     | Reached XP level 11. HP: 17/74 MP: 3/18
 11153 | D:10     | Found a staircase to the Lair.
 11331 | D:10     | Noticed a lindwurm
 11335 | D:10     | Noticed a lindwurm
 11337 | D:10     | Noticed a lindwurm
 11342 | D:10     | Killed a lindwurm
 11656 | D:10     | Noticed a lindwurm
 11676 | D:10     | Killed a lindwurm
 11686 | D:10     | Killed a lindwurm
 11689 | D:10     | Killed a lindwurm
 11715 | D:10     | Got a heavily runed pewter ring
 11817 | D:10     | Identified the ring of Dithmenos's Reproof {+Fly rElec
                  | rPois Dex+4} (You found it on level 10 of the Dungeon)
 11880 | D:11     | Noticed a two-headed ogre
 11895 | D:11     | Killed a two-headed ogre
 11987 | D:11     | Noticed an unseen horror
 12002 | D:11     | Killed an unseen horror
 12002 | D:11     | Reached skill level 5 in Fighting
 12002 | D:11     | Reached skill level 5 in Dodging
 12016 | D:11     | Reached skill level 5 in Armour
 12038 | D:11     | Noticed a cyan ugly thing
 12055 | D:11     | Killed a cyan ugly thing
 12297 | D:11     | Learned a level 5 spell: Dispel Undead
 12627 | Orc:1    | Entered Level 1 of the Orcish Mines
 12637 | Orc:1    | Found a dark tunnel.
 12644 | Volcano  | Entered a volcano
 12680 | Volcano  | Reached ****** piety under Kikubaaqudgha
 12681 | Volcano  | Received a gift from Kikubaaqudgha
 13074 | Volcano  | Reached skill level 1 in Evocations
 14240 | Volcano  | Found a bloodstained altar of Trog.
 14257 | Volcano  | Noticed a stone giant
 14297 | Volcano  | Gained mutation: You are mostly covered in yellow scales.
                  | (AC +3) [demonic ancestry]
 14297 | Volcano  | Reached XP level 12. HP: 42/86 MP: 20/20
 14345 | Volcano  | Hit by a large rock thrown by a stone giant

Skill      XL: |  1  2  3  4  5  6  7  8  9 10 11 |
---------------+----------------------------------+-----
Conjurations   | 2 3 5 6 |  6.0
Fire Magic     | 1 3 4 |  4.0
Air Magic      | 1 3 4 |  4.0
Poison Magic   | 2 3 5 |  5.1
Necromancy     | 5 9 10 | 10.1
Axes           | 4 |  4.5
Shields        | 1 4 |  4.4
Spellcasting   | 5 |  5.7
Dodging        | 3 5 |  5.4
Fighting       | 2 5 |  5.4
Armour         | 2 5 |  5.3
Stealth        | 2 |  2.4
Evocations     | 3 |  3.2
Slings         | |  0.4
Summonings     | |  1.0
Translocations | |  0.8

Action                   |  1- 3 |  4- 6 |  7- 9 | 10-12 || total
-------------------------+-------+-------+-------+-------++-------
Melee: Unarmed           |     7 |       |    13 |       ||    20
       Dagger            |     3 |       |       |       ||     3
       Short sword       |    23 |    37 |    65 |       ||   125
       Staff             |       |     1 |     4 |     1 ||     6
       Rapier            |       |       |    10 |       ||    10
       Hand axe          |       |       |    65 |   307 ||   372
       Glaive            |       |       |     7 |       ||     7
 Fire: Hunting sling     |    18 |    74 |   273 |   115 ||   480
 Cast: Magic Dart        |   107 |    49 |   172 |    27 ||   355
       Mephitic Cloud    |       |     8 |    31 |    61 ||   100
       Conjure Flame     |       |     2 |    28 |    32 ||    62
       Sublimation of Bl |       |     1 |       |     3 ||     4
       Vampiric Draining |       |       |       |    38 ||    38
       Dispel Undead     |       |       |       |     4 ||     4
Invok: Receive Necronomi |       |       |       |     1 ||     1
Evoke: Wand              |       |       |     1 |     9 ||    10
  Use: Scroll            |       |     8 |     7 |     3 ||    18
       Potion            |       |     2 |       |    14 ||    16
 Stab: Confused          |       |     2 |     8 |    20 ||    30
       Sleeping          |       |       |       |     3 ||     3
       Distracted        |       |       |       |     2 ||     2
  Eat: Chunk             |     6 |     7 |    27 |    20 ||    60
       Ration            |       |       |     1 |       ||     1
Armor: Robe              |    19 |     8 |    47 |    64 ||   138
Dodge: Dodged            |    56 |    41 |   113 |   176 ||   386
Block: Buckler           |       |     3 |    14 |    48 ||    65
